 Dungeon Crawl Stone Soup version 0.30-a0-141-g30f27751c5 (webtiles) character file.

Game seed: 114940230585371853

501 Belterius the Trooper (level 6, -5/57 HPs)
             Began as a Minotaur Fighter on Sept 25, 2022.
             Slain by an ogre
             ... wielding a +0 giant club
              (23 damage)
             ... on level 4 of the Dungeon.
             The game lasted 00:04:26 (3378 turns).

Belterius the Trooper (Minotaur Fighter)            Turns: 3378, Time: 00:04:26

Health: -5/57      AC: 13    Str: 22    XL:     6   Next: 95%
Magic:  5/5        EV:  6    Int:  5    God:
Gold:   150        SH:  5    Dex: 10    Spells: 5/5 levels left

rFire   . . .      SeeInvis .    a - +0 war axe
rCold   . . .      Faith    .    c - +0 buckler
rNeg    . . .      Spirit   .    j - +0 plate armour
rPois   .          Reflect  .    (helmet restricted)
rElec   .          Harm     .    w - +0 cloak {Will+}
rCorr   .          Rampage  .    (no gloves)
Will    +....                    (no boots)
Stlth   ..........               (no amulet)
HPRegen 0.19/turn                (no ring)
MPRegen 0.09/turn                (no ring)

@: no status effects
A: horns 2, retaliatory headbutt
a: no special abilities


You were on level 4 of the Dungeon.
You visited 1 branch of the dungeon, and saw 4 of its levels.

You collected 150 gold pieces.

Inventory:

Hand Weapons
 a - a +0 war axe (weapon)
Armour
 c - a +0 buckler (worn)
 j - a +0 plate armour (worn)
 w - a +0 cloak of willpower (worn)
Jewellery
 f - a ring of ice
 p - an amulet of faith
 t - a ring of protection from cold
 x - the Hermit's pendant {Faith invo=14 evo=0 MP+5}
   (You found it on level 4 of the Dungeon)

   [amulet of faith]

   It sets your invocations skill to 14 and your evocations skill to 0.
   It allows you to gain divine favour quickly.
   MP:        It affects your magic capacity (+5).
Scrolls
 b - 4 scrolls of teleportation {unknown}
 e - 3 scrolls of immolation {unknown}
 g - 4 scrolls of identify {unknown}
 h - a scroll of poison {unknown}
 i - 2 scrolls of amnesia {unknown}
 l - 2 scrolls of vulnerability {unknown}
 n - 3 scrolls of enchant armour {unknown}
 q - 2 scrolls of enchant weapon {unknown}
 r - a scroll of magic mapping {unknown}
 s - a scroll of blinking {unknown}
 u - a scroll of silence {unknown}
Potions
 d - 2 potions of might
 k - 3 potions of curing {unknown}
 m - a potion of berserk rage {unknown}
 o - a potion of attraction {unknown}
 v - a potion of heal wounds {unknown}


   Skills:
 + Level 5.7 Fighting
 + Level 4.9 Axes
 + Level 5.6 Armour
 + Level 5.6 Shields


You had 5 spell levels left.
You didn't know any spells.
Your spell library contained the following spells:

 Spells                   Type           Power      Damage    Failure   Level
 Beastly Appendage        Tmut           0%         N/A       100%        1
 Sandblast                Erth           0%         2d4       100%        1
 Passwall                 Tmut/Erth      0%         N/A       100%        2
 Static Discharge         Conj/Air       0%         2-2/arc   100%        2
 Wereblood                Tmut           0%         N/A       100%        2
 Gell's Gravitas          Tloc           0%         N/A       100%        3
 Portal Projectile        Hex/Tloc       0%         N/A       100%        3
 Spider Form              Tmut/Pois      0%         N/A       100%        3
 Stone Arrow              Conj/Erth      0%         3d7       100%        3
 Teleport Other           Tloc           0%         N/A       100%        3
 Tukima's Dance           Hex            0%         N/A       100%        3
 Dispel Undead            Necr           0%         3d6       100%        4
 Sticky Flame             Conj/Fire      0%         2d3       100%        4
 Blade Hands              Tmut           0%         N/A       100%        5
 Dispersal                Tloc           0%         N/A       100%        6


Dungeon Overview and Level Annotations

Branches:
Dungeon (4/15)
 Temple: D:4-7

Altars:
Nemelex Xobeh
Qazlal
Xom
Zin

Shops:
D:3 *


Innate Abilities, Weirdness & Mutations

You have a pair of horns on your head.
You reflexively headbutt those who attack you in melee.


Message History

You are too injured to fight recklessly!
An ogre is nearby!
You are too injured to fight recklessly!
An ogre is nearby!
You are too injured to fight recklessly!
An ogre is nearby!
You are too injured to fight recklessly!
Unknown command.
An ogre is nearby!
You are too injured to fight recklessly!
An ogre is nearby!
You are too injured to fight recklessly!
Unknown command.
An ogre is nearby!
You are too injured to fight recklessly!
An ogre is nearby!
You are too injured to fight recklessly!
An ogre is nearby!
You are too injured to fight recklessly!
An ogre is nearby!
You are too injured to fight recklessly!
You barely miss the ogre. You headbutt the ogre.
The ogre is heavily wounded.
The ogre barely misses you.
You barely miss the ogre.
The ogre is heavily wounded.
You block the ogre's attack.
You closely miss the ogre. Your headbutt misses the ogre.
The ogre is heavily wounded.
The ogre barely misses you.
You barely miss the ogre.
The ogre is heavily wounded.
The ogre barely misses you.
You hit the ogre.
The ogre is severely wounded.
The ogre hits you with a +0 giant club!
You hit the ogre.
The ogre is severely wounded.
The ogre hits you with a +0 giant club!!
You die...

#.#..#..##...###.####.##.#
#..#..##...# #†####(##.#
######..#..##...###...##.##.#
........#...+...+........##.#
#####.#.###...######.####.#
###.......# #...# #....#.#
....#<..### ##### ####.#.#
#########################.#.#
.......†@.......#.#.#
###...O#...##..#.#.#
#..†.#...###.#.#.#
#....##..###.#.#†#
.....###......#...# ...#...
##.....##..#### .. #...
###...#......# . #..#
####.#)#..#.# #..
####....#.#..#.#


You could see an ogre.

Vanquished Creatures
  A phantom (D:4)
  A necrophage (D:4)
  2 howler monkeys (D:4)
  An orc priest (D:4)
  Crazy Yiuf (D:3)
  A hound (D:3)
  An orc wizard (D:3)
  Robin (D:3)
  4 adders
  4 worms
  A dart slug (D:2)
  4 orcs
  11 endoplasms
  4 giant cockroaches
  11 goblins
  8 hobgoblins
  7 jackals
  6 kobolds
  5 quokkas
  13 ball pythons
  8 bats
  3 frilled lizards
  6 rats
104 creatures vanquished.

Notes
Turn   | Place    | Note
-------+----------+-------------------------------------------
     0 | D:1      | Belterius the Minotaur Fighter began the quest for the Orb.
     0 | D:1      | Reached XP level 1. HP: 19/19 MP: 0/0
   229 | D:1      | Reached XP level 2. HP: 25/27 MP: 1/1
   835 | D:2      | Reached XP level 3. HP: 33/33 MP: 2/2
  1678 | D:2      | Identified the +2 spear "Wexax" {venom, rElec rPois Dex+4}
  1766 | D:3      | Noticed Robin
  1779 | D:3      | Reached XP level 4. HP: 35/41 MP: 3/3
  1779 | D:3      | Killed Robin
  2056 | D:3      | Found a stormy altar of Qazlal.
  2223 | D:3      | Found a glowing silver altar of Zin.
  2224 | D:3      | Found a sparkling altar of Nemelex Xobeh.
  2258 | D:3      | Reached XP level 5. HP: 47/47 MP: 4/4
  2334 | D:3      | Found a shimmering altar of Xom.
  2485 | D:3      | Found a runed translucent door.
  2486 | D:3      | Noticed Crazy Yiuf
  2570 | D:3      | Found Mucrosid's General Store.
  2849 | D:3      | Killed Crazy Yiuf
  2850 | D:3      | Reached skill level 5 in Fighting
  3057 | D:4      | Noticed a phantom
  3123 | D:4      | Reached skill level 5 in Armour
  3123 | D:4      | Reached skill level 5 in Shields
  3221 | D:4      | Found the Hermit's pendant {Faith invo=14 evo=0 MP+5}
  3253 | D:4      | Reached XP level 6. HP: 44/56 MP: 5/5
  3378 | D:4      | Slain by an ogre

Illustrated notes

Levels and vault maps discovered:
D:1:      minmay_arrival_open_corners, layout_loops_cross, hex_tiny
D:2:      minmay_razor_zed, layout_basic, grunt_decor_one_mirror,
          minmay_tetromino_l4
D:3:      layout_loops_cross, grunt_qazlal_clouds,
          gammafunk_temple_overflow_statue, mainiacjoe_overflow_six_doors_small,
          serial_shops, shop_fountains, uniq_crazy_yiuf_cottage, uniq_robin
D:4:      minmay_recursive_quarters, layout_basic, grunt_ministairs_7,
          uniq_edmund

Skill      XL: |  1  2  3  4  5 |
---------------+----------------+-----
Fighting       | 4 5 |  5.7
Armour         | 4 5 |  5.6
Shields        | 4 5 |  5.6
Axes           | 3 4 |  4.9

Action                   |  1- 3 |  4- 6 || total
-------------------------+-------+-------++-------
Melee: War axe           |    97 |   109 ||   206
       Headbutt          |    12 |    16 ||    28
  Use: Potion            |     1 |       ||     1
Armor: Scale mail        |    29 |       ||    29
       Plate armour      |    36 |    55 ||    91
Dodge: Dodged            |    35 |    42 ||    77
Block: Buckler           |    24 |    31 ||    55

Table legend: (Time is in decaauts)
 A = Elapsed time spent in this place.
 B = Non-inter-level travel time spent in this place.
 C = Inter-level travel time spent in this place.
 D = Time resting spent in this place.
 E = Time spent auto-exploring this place.
 F = Levels seen in this place.
 G = Mean time per level.
                   A        B        C        D        E       F      G
               +--------+--------+--------+--------+--------+-----+--------+
         Total |   3441 |   3344 |     97 |    155 |   2629 |   4 |  860.2 |
       Dungeon |   3441 |   3344 |     97 |    155 |   2629 |   4 |  860.2 |
               +--------+--------+--------+--------+--------+-----+--------+

Top non-repeatable levels by time:
     D:3: 1376 daAuts
     D:2: 959 daAuts
     D:1: 805 daAuts
     D:4: 300 daAuts
